 Dungeon Crawl Stone Soup version 0.26-a0-597-gb535b0901c (webtiles) character file.

Game seed: 12527875631194401670

130517 Lanoc the Spry (level 17, -9/126 HPs)
             Began as a Halfling Hunter on Sept 2, 2020.
             Was the Champion of Okawaru.
             Mangled by a salamander
             ... wielding a +0 halberd
              (11 damage)
             ... on level 4 of the Snake Pit on Sept 3, 2020.
             The game lasted 01:13:27 (37565 turns).

Lanoc the Spry (Halfling Hunter)                   Turns: 37565, Time: 01:13:28

Health: -9/126     AC: 15    Str: 17    XL:     17   Next: 64%
Magic:  21/28      EV: 31    Int:  9    God:    Okawaru [******]
Gold:   2244       SH: 14    Dex: 23    Spells: 16/16 levels left

rFire    + . .     SeeInvis +   b - +12 falchion of the Wary Priests {venom, rPois}
rCold    x . .     Faith    .   u - +0 buckler
rNeg     + . .     Spirit   .   N - +2 leather armour of Kukodott {rElec rC- MR++ Regen+}
rPois    +         Reflect  +   s - +2 hat {SInv}
rElec    +         Harm     .   (no cloak)
rCorr    .                      B - +1 pair of gloves {Str+3}
MR       +++..                  P - +1 pair of boots {Fly}
Stlth    +++++.....             S - amulet "Lozops" {Reflect rPois Dex+2 SH+5 Stlth+}
HPRegen  0.71/turn              w - ring of protection from fire
MPRegen  0.21/turn              A - ring of positive energy

@: lethally poisoned (-9 -> -10), heroism, finesse, flying, constricted,
studying Fighting
A: small, antennae 1, mutation resistance 1
a: Heroism, Finesse, Renounce Religion, Stop Flying


You were on level 4 of the Snake Pit.
You worshipped Okawaru.
Okawaru was exalted by your worship.
You visited 5 branches of the dungeon, and saw 28 of its levels.
You also visited: Sewer and Bailey.

You collected 3314 gold pieces.
You spent 1070 gold pieces at shops.

Inventory:

Hand Weapons
 a - a +1 hunting sling of flaming
 b - the +12 falchion of the Wary Priests (weapon) {venom, rPois}
   (You found it on level 2 of the Lair of Beasts)

   It poisons the flesh of those it strikes.
   It protects you from poison.
Missiles
 C - 198 sling bullets
 Q - 349 stones (quivered)
Armour
 s - a +2 hat of see invisible (worn)
 u - a +0 buckler (worn)
 B - a +1 pair of gloves of strength (worn)
 M - a +1 kite shield of cold resistance
 N - the +2 leather armour of Kukodott (worn) {rElec rC- MR++ Regen+}
   (You found it on level 12 of the Dungeon)

   It makes you vulnerable to cold.
   It insulates you from electricity.
   It affects your resistance to hostile enchantments.
   It increases your rate of regeneration.
 P - a +1 pair of boots of flying (worn)
Jewellery
 w - a ring of protection from fire (left hand)
 A - a ring of positive energy (right hand)
 O - an uncursed ring of poison resistance
 S - the amulet "Lozops" (around neck) {Reflect rPois Dex+2 SH+5 Stlth+}
   (You bought it in a shop on level 2 of the Orcish Mines)

   [amulet of reflection]

   It shields you and reflects attacks.
   It affects your dexterity (+2).
   It protects you from poison.
   It affects your SH (+5).
   It makes you more stealthy.
 Y - an uncursed amulet of regeneration
Wands
 x - a wand of polymorph (13)
 y - a wand of acid (15)
 D - a wand of random effects (17)
 H - a wand of flame (65)
 I - a wand of enslavement (10)
 L - a wand of iceblast (36)
 U - a wand of disintegration (13)
 V - a wand of digging (5)
 Z - a wand of paralysis (3)
Scrolls
 c - 10 scrolls of enchant armour
 e - 7 scrolls of magic mapping
 f - 12 scrolls of remove curse
 i - 7 scrolls of fog
 j - 4 scrolls of amnesia
 l - 9 scrolls of teleportation
 m - 2 scrolls of immolation
 n - 8 scrolls of enchant weapon
 E - 3 scrolls of blinking
 G - 7 scrolls of identify
 J - 2 scrolls of brand weapon
 K - 3 scrolls of summoning
 R - a scroll of silence
Potions
 d - 3 potions of cancellation
 g - 2 potions of heal wounds
 h - 3 potions of berserk rage
 k - 7 potions of stabbing
 o - 9 potions of haste
 p - 18 potions of ambrosia
 q - 2 potions of invisibility
 r - 12 potions of curing
 t - 3 potions of brilliance
 v - 7 potions of lignification
 z - 5 potions of mutation
 F - 3 potions of magic
 T - 2 potions of resistance
Books
 W - a manual of Fighting
Miscellaneous
 X - a box of beasts (3/3)


   Skills:
 + Level 14.4(19.4) Fighting
 - Level 12.0(17.0) Slings
 + Level 14.8(19.8) Armour
 + Level 15.9(20.9) Dodging
 - Level 1.1(6.1) Stealth
 - Level 5.6(10.6) Shields
 + Level 15.0 Invocations


You had 16 spell levels left.
You didn't know any spells.
Your spell library contained the following spells:

 Spells                   Type           Power        Failure   Level
 Animate Skeleton         Necr           #.....       41%         1
 Apportation              Tloc           #.....       41%         1
 Corona                   Hex            #......      41%         1
 Foxfire                  Conj/Fire      #...         41%         1
 Magic Dart               Conj           #...         41%         1
 Shock                    Conj/Air       #...         41%         1
 Summon Small Mammal      Summ           #...         41%         1
 Blink                    Tloc           N/A          56%         2
 Call Imp                 Summ           #.......     56%         2
 Slow                     Hex            #.......     56%         2
 Swiftness                Air            #.......     56%         2
 Conjure Flame            Conj/Fire      #.......     80%         3
 Inner Flame              Hex/Fire       #.......     80%         3
 Mephitic Cloud           Conj/Pois/Air  #.......     80%         3
 Static Discharge         Conj/Air       #.......     80%         3
 Airstrike                Air            #.........   99%         4
 Cause Fear               Hex            #.........   99%         4
 Sticky Flame             Conj/Fire      #.......     99%         4
 Bolt of Magma            Conj/Fire/Erth #.........   100%        5
 Fireball                 Conj/Fire      #.........   100%        5
 Iskenderun's Battlesphe  Conj           #.......     100%        5
 Lightning Bolt           Conj/Air       #.........   100%        5
 Silence                  Hex/Air        #.........   100%        5
 Yara's Violent Unravell  Hex/Tmut       #.........   100%        5
 Iron Shot                Conj/Erth      #.........   100%        6
 Malign Gateway           Summ/Tloc      #.........   100%        7
 Monstrous Menagerie      Summ           #.........   100%        7
 Orb of Destruction       Conj           #.........   100%        7
 Spellforged Servitor     Conj/Summ      #.........   100%        7
 Summon Greater Demon     Summ           #.........   100%        7
 Discord                  Hex            #.........   100%        8
 Summon Horrible Things   Summ           #.........   100%        8


Dungeon Overview and Level Annotations

Branches:
Dungeon (15/15)            Temple (1/1) D:6            Lair (6/6) D:10
  Swamp (0/4) Lair:3        Snake (4/4) Lair:4        Slime (0/5) Lair:6
    Orc (2/2) D:10            Elf (0/3) Orc:2        Vaults (0/5) D:14
 Depths (0/5) D:15          Sewer (visited)          Bailey (visited)

Altars:
Ashenzari
Cheibriados
Dithmenos
Elyvilon
Fedhas
Gozag
Hepliaklqana
Makhleb
Nemelex Xobeh
Okawaru
Qazlal
Sif Muna
Uskayaw
Vehumet
Wu Jian
Xom
Yredelemnul
Zin
The Shining One
Jiyva

Shops:
D:9 *   Orc:2 =!:!   Snake:1 ?   Snake:3 [

Annotations:
Lair:4 exclusion: 2 oklob plants


Innate Abilities, Weirdness & Mutations

You are small and have problems with some larger weapons.
You are somewhat resistant to further mutation.
You have a pair of small antennae on your head.


Message History

You gain the combat prowess of a mighty hero.
You feel sick.
You block the guardian serpent's attack.
The naga warrior hits you with a +0 war axe!
* * * LOW HITPOINT WARNING * * *
x2 The naga warrior constricts you.
You block the guardian serpent's attack.
The salamander hits you with a +0 halberd!
* * * LOW HITPOINT WARNING * * *
You are engulfed in flames.
You resist.
* * * LOW HITPOINT WARNING * * *
You feel much better.
The guardian serpent completely misses you.
You riposte.
You barely miss the guardian serpent.
The guardian serpent is severely wounded.
The naga warrior hits you with a +0 war axe!!
* * * LOW HITPOINT WARNING * * *
x2 The naga warrior constricts you.
The salamander hits you with a +0 halberd!
You die...

... ##...# #.....## ....
##.... #......##
....###....# ##.......##
.....#.....# #..........
...........###.....()...
..........###.......)...
..........#.............
........N...............
.......@###########.....
......NS# #.....
........# #.....
.......## #..... .....(.
##...# ....(.. #..#
....(.. #.# (...... #.
#.#


You could see a naga warrior (very poisoned), a salamander (poisoned) and a
guardian serpent.

Vanquished Creatures
  A tengu reaver (D:14)
  An ettin (D:14)
  3 fire dragons
  A yaktaur captain (D:14)
  Erolcha (D:12)
  6 hydras
  Fannar (Orc:2)
  The ghost of harkrass the Carver, a journeyman MiFi of Okawaru (D:11)
  3 vault guards (D:14)
  An ice dragon (D:15)
  4 naga warriors
  2 centaur warriors (D:14)
  Harold (D:10)
  6 anacondas
  2 death knights
  4 two-headed ogres
  2 ogre magi (D:14)
  6 death yaks (Lair:5)
  6 orc high priests
  4 naga sharpshooters
  A shock serpent (Snake:4)
  Urug (D:12)
  A deep elf knight (D:14)
  2 salamander mystics (Snake:3)
  A hell knight (D:14)
  A glowing orange brain (D:13)
  A naga ritualist (Snake:1)
  4 skeletal warriors
  A deep elf archer (D:14)
  An unseen horror (D:14)
  3 mana vipers
  13 orc knights
  2 salamanders
  3 cyclopes
  7 ugly things
  2 orc sorcerers (Orc:1)
  3 deep elf magi
  6 elephants
  2 manticores
  2 centaur zombies
  26 black mambas
  A guardian serpent (Snake:3)
  7 naga magi
  6 komodo dragons
  13 cane toads
  An efreet (D:13)
  A gargoyle (D:14)
  A kobold demonologist (Bailey)
  2 tengu conjurers (D:13)
  3 rime drakes
  4 yaktaurs (D:15)
  A freezing wraith (D:14)
  3 meliai (Lair:5)
  2 queen bees
  7 trolls
  7 polar bears
  A tyrant leech (Lair:3)
  8 hornets
  2 dream sheep (Lair:6)
  9 blink frogs
  8 hippogriffs
  A meliai zombie (D:15)
  A centaur simulacrum (D:15)
  49 yaks
  3 shadows
  14 spriggans (Lair:6)
  A spriggan (shapeshifter) (D:15)
  2 humans (D:14)
  4 wyverns
  5 wraiths
  7 basilisks
  A steam dragon (Lair:3)
  9 vampire mosquitoes
  4 wargs
  22 nagas
  2 soldier ants
  3 swamp worms (Lair:3)
  4 acid dragons
  7 porcupines
  7 water moccasins
  3 ice beasts
  3 phantoms
  4 sky beasts
  4 black bears
  44 orc warriors
  11 ogres
  A necrophage (D:9)
  3 boggarts (Lair:6)
  36 wolves
  10 centaurs
  8 crocodiles
  4 big kobolds
  Blork the orc (D:14)
  A gnoll sergeant (D:11)
  19 bullfrogs
  2 wyvern zombies
  7 scorpions
  58 killer bees
  4 wights (D:9)
  8 howler monkeys
  13 electric eels
  2 jellies
  A quasit (D:9)
  5 centaur skeletons
  4 hounds
  A wyvern simulacrum (D:14)
  30 orc priests
  2 bullfrog skeletons
  2 iguanas
  13 orc wizards
  9 worker ants
  6 hell rats
  2 killer bee zombies (D:7)
  A hound zombie (D:3)
  5 hound skeletons
  2 worker ant zombies (D:7)
  13 gnolls
  12 adders
  9 river rats (Sewer)
  2 oozes
  2 ufetubi
  An adder zombie (D:6)
  2 adder skeletons
  A worm (D:2)
  4 leopard geckos
  87 orcs
  8 bats
  7 giant cockroaches
  15 goblins
  17 hobgoblins
  7 jackals
  A quokka (D:4)
  8 ball pythons
  9 frilled lizards
  27 kobolds
  21 rats
954 creatures vanquished.

Vanquished Creatures (others)
  An ice dragon (D:14)
  A manticore (D:13)
  A black mamba (Snake:2)
  35 fungi
  34 plants
72 creatures vanquished.

Grand Total: 1026 creatures vanquished

Notes
Turn   | Place    | Note
-------+----------+-------------------------------------------
     0 | D:1      | Lanoc the Halfling Hunter began the quest for the Orb.
     0 | D:1      | Reached XP level 1. HP: 14/14 MP: 1/1
   325 | D:1      | Reached XP level 2. HP: 19/19 MP: 2/2
   539 | D:2      | Reached XP level 3. HP: 24/24 MP: 3/3
   694 | D:2      | Reached XP level 4. HP: 30/30 MP: 4/4
  1169 | D:2      | Reached XP level 5. HP: 35/35 MP: 5/5
  1732 | D:3      | Found a glowing drain.
  1749 | Sewer    | Entered a sewer
  1874 | Sewer    | Reached XP level 6. HP: 41/41 MP: 6/6
  2309 | Sewer    | Reached XP level 7. HP: 31/46 MP: 7/7
  3754 | D:4      | Reached skill level 10 in Slings
  3754 | D:4      | Reached skill level 1 in Shields
  3932 | D:4      | Reached XP level 8. HP: 51/54 MP: 8/8
  3981 | D:4      | Reached skill level 5 in Dodging
  4906 | D:5      | Entered Level 5 of the Dungeon
  4985 | D:5      | Found an ornate altar of the Wu Jian Council.
  5884 | D:6      | Reached XP level 9. HP: 59/59 MP: 9/9
  6046 | D:6      | Found a staircase to the Ecumenical Temple.
  6053 | Temple   | Entered the Ecumenical Temple
  6205 | Temple   | Became a worshipper of Warmaster Okawaru
  6473 | D:7      | Reached skill level 1 in Invocations
  6552 | D:7      | Reached skill level 5 in Fighting
  6599 | D:7      | Found an opulent altar of Gozag.
  6769 | D:7      | Reached * piety under Okawaru
  6769 | D:7      | Reached skill level 1 in Armour
  7625 | D:7      | Reached XP level 10. HP: 68/68 MP: 12/12
  7909 | D:8      | Reached skill level 5 in Shields
  8214 | D:8      | Reached ** piety under Okawaru
  9476 | D:9      | Found an opulent altar of Gozag.
  9568 | D:9      | Found Luagel's Mayhem Merchandise.
  9682 | D:9      | Found a stormy altar of Qazlal.
  9772 | D:10     | Entered Level 10 of the Dungeon
  9995 | D:10     | Reached *** piety under Okawaru
 10358 | D:10     | Found a staircase to the Lair.
 10566 | D:10     | Noticed a two-headed ogre
 10576 | D:10     | Killed a two-headed ogre
 10576 | D:10     | Reached **** piety under Okawaru
 10576 | D:10     | Reached skill level 5 in Armour
 10576 | D:10     | Reached skill level 5 in Invocations
 11194 | D:10     | Reached XP level 11. HP: 65/74 MP: 15/15
 11264 | D:10     | Noticed Harold
 11288 | D:10     | Killed Harold
 11288 | D:10     | Received a gift from Okawaru
 11307 | D:10     | Found a staircase to the Orcish Mines.
 11559 | D:11     | Noticed harkrass's ghost (journeyman MiFi)
 11566 | D:11     | Found a transporter.
 11623 | D:11     | Found a glowing golden altar of the Shining One.
 12003 | D:11     | Found a transporter.
 12409 | D:12     | Noticed a two-headed ogre
 12411 | D:12     | Noticed a two-headed ogre
 12471 | D:11     | Killed a two-headed ogre
 12589 | D:11     | Killed a two-headed ogre
 12589 | D:11     | Reached ***** piety under Okawaru
 12589 | D:11     | Received a gift from Okawaru
 12848 | D:12     | Noticed Erolcha
 13066 | D:12     | Killed Erolcha
 13102 | D:12     | Noticed a two-headed ogre
 13143 | D:12     | Killed a two-headed ogre
 13143 | D:12     | Received a gift from Okawaru
 13465 | D:12     | Noticed Urug
 13777 | D:12     | Killed Urug
 13777 | D:12     | Reached XP level 12. HP: 79/83 MP: 17/17
 13929 | D:12     | Received a gift from Okawaru
 13929 | D:12     | Reached skill level 10 in Dodging
 14550 | D:12     | Got a steaming leather armour
 14561 | D:12     | Identified the +2 leather armour of Kukodott {rElec rC-
                  | MR++ Regen+} (You found it on level 12 of the Dungeon)
 15350 | D:13     | Noticed a glowing orange brain
 15374 | D:13     | Killed a glowing orange brain
 15531 | D:13     | Noticed a death knight
 15709 | D:13     | Noticed a four-headed hydra
 15723 | D:13     | Killed a four-headed hydra
 15815 | D:13     | Noticed a skeletal warrior
 15815 | D:13     | Noticed a skeletal warrior
 15815 | D:13     | Noticed a skeletal warrior
 16039 | D:14     | You fall into a shaft and drop 1 floor!
 16039 | D:15     | Entered Level 15 of the Dungeon
 16040 | D:15     | Noticed a six-headed hydra
 16062 | D:15     | Killed a six-headed hydra
 16062 | D:15     | Received a gift from Okawaru
 16062 | D:15     | Reached ****** piety under Okawaru
 16063 | D:15     | Reached XP level 13. HP: 41/90 MP: 18/20
 16083 | D:15     | Received a gift from Okawaru
 16266 | D:15     | Found an iron altar of Okawaru.
 16313 | D:15     | Received a gift from Okawaru
 16845 | D:15     | Received a gift from Okawaru
 17039 | D:15     | Noticed a fire dragon
 17039 | D:15     | Noticed an ice dragon
 17165 | D:14     | Reached skill level 10 in Invocations
 17314 | D:14     | Reached skill level 10 in Armour
 17467 | D:14     | Reached skill level 10 in Fighting
 17596 | D:14     | Noticed a vault guard
 17633 | D:14     | Killed a vault guard
 17966 | D:14     | Noticed Blork the orc
 17972 | D:14     | Killed Blork the orc
 17980 | D:14     | Found a shimmering blue altar of Sif Muna.
 18104 | D:14     | Found a gate to the Vaults.
 18104 | D:14     | Noticed a vault guard
 18106 | D:14     | Noticed a vault guard
 18158 | D:14     | Killed a vault guard
 18158 | D:14     | Received a gift from Okawaru
 18175 | D:14     | Killed a vault guard
 18285 | D:14     | Got a sheer robe
 18296 | D:14     | Identified the cursed +0 robe of Beogh's Hope {Int+4
                  | Stlth+} (You found it on level 14 of the Dungeon)
 18547 | D:14     | Received a gift from Okawaru
 18672 | D:14     | Received a gift from Okawaru
 18811 | D:14     | Noticed a centaur warrior
 18820 | D:14     | Killed a centaur warrior
 18820 | D:14     | Reached XP level 14. HP: 67/99 MP: 22/22
 20302 | Orc:1    | Entered Level 1 of the Orcish Mines
 20422 | Orc:1    | Found a flagged portal.
 20432 | Bailey   | Entered a bailey
 20635 | Bailey   | Found an iron altar of Okawaru.
 21065 | Bailey   | Gained mutation: Your body sometimes deteriorates upon
                  | taking damage. [mutagenic glow]
 21152 | Bailey   | Lost mutation: Your body sometimes deteriorates upon taking
                  | damage. [potion of mutation]
 21152 | Bailey   | Gained mutation: You have a pair of small antennae on your
                  | head. [potion of mutation]
 21156 | Orc:1    | Acquired a +2 hat of see invisible
 21423 | Orc:2    | Entered Level 2 of the Orcish Mines
 22244 | Orc:2    | Received a gift from Okawaru
 22666 | Orc:1    | Received a gift from Okawaru
 23055 | Orc:2    | Found a staircase to the Elven Halls.
 23367 | Orc:2    | Received a gift from Okawaru
 23467 | Orc:2    | Reached XP level 15. HP: 90/107 MP: 24/24
 23779 | Orc:2    | Received a gift from Okawaru
 23855 | Orc:2    | Found Tounoos's Jewellery Shop.
 23858 | Orc:2    | Found Buipsusixoxt's Distillery.
 23859 | Orc:2    | Found Dobuena Aded's Distillery.
 23860 | Orc:2    | Found Zaesusar's Book Boutique.
 23864 | Orc:2    | Bought a potion of haste for 130 gold pieces
 23864 | Orc:2    | Bought a potion of heal wounds for 65 gold pieces
 23864 | Orc:2    | Bought a potion of magic for 104 gold pieces
 23867 | Orc:2    | Bought the amulet "Lozops" {Reflect rPois Dex+2 SH+5
                  | Stlth+} for 771 gold pieces
 24439 | Orc:1    | Noticed Fannar
 24512 | Orc:2    | Killed Fannar
 24817 | Lair:1   | Entered Level 1 of the Lair of Beasts
 26636 | Lair:2   | Got a steaming falchion
 26637 | Lair:2   | Identified the +12 falchion of the Wary Priests {venom,
                  | rPois} (You found it on level 2 of the Lair of Beasts)
 26685 | Lair:3   | Found a glowing golden altar of the Shining One.
 26701 | Lair:3   | Found a staircase to the Swamp.
 27968 | Lair:3   | Received a gift from Okawaru
 28801 | Lair:4   | Got a thick robe
 28812 | Lair:4   | Identified the cursed +0 robe of Serendipity {rC- rN++
                  | Str+4 SInv} (You found it on level 4 of the Lair of Beasts)
 28983 | Lair:4   | Found a staircase to the Snake Pit.
 30130 | Lair:5   | Reached XP level 16. HP: 86/115 MP: 25/25
 30761 | Lair:5   | Received a gift from Okawaru
 31082 | Lair:6   | Entered Level 6 of the Lair of Beasts
 31184 | Lair:6   | Received a gift from Okawaru
 31308 | Lair:6   | Got a fine chain mail
 31319 | Lair:6   | Identified the cursed +1 chain mail of Masuruzu {Int+3}
                  | (You found it on level 6 of the Lair of Beasts)
 31330 | Lair:6   | Received a gift from Okawaru
 31451 | Lair:6   | Found a viscous altar of Jiyva.
 31456 | Lair:6   | Found a staircase to the Slime Pits.
 31526 | Lair:6   | Paralysed by a hornet for 2 turns
 31534 | Lair:6   | Paralysed by a hornet for 1 turns
 31569 | Lair:6   | Paralysed by a hornet for 3 turns
 32436 | Lair:6   | Acquired a manual of Fighting
 32632 | D:11     | Reached skill level 15 in Dodging
 32649 | D:11     | Killed harkrass's ghost
 32866 | D:14     | Noticed a tengu reaver
 32900 | D:14     | HP: 3/116 [tengu reaver/+0 vorpal long sword (6)]
 32908 | D:14     | Killed a tengu reaver
 32908 | D:14     | Received a gift from Okawaru
 33860 | D:15     | Found a staircase to the Depths.
 34163 | Snake:1  | Entered Level 1 of the Snake Pit
 34191 | Snake:1  | Reached XP level 17. HP: 31/123 MP: 27/27
 35171 | Snake:1  | Found Cobbaug's Magic Scroll Shoppe.
 35595 | Snake:2  | Received a gift from Okawaru
 36584 | Snake:3  | Received a gift from Okawaru
 36658 | Snake:3  | Found Tasas's Antique Armour Boutique.
 37305 | Snake:4  | Entered Level 4 of the Snake Pit
 37389 | Snake:4  | Reached skill level 15 in Invocations
 37564 | Snake:4  | HP: 6/126 [salamander/+0 halberd (4)]
 37565 | Snake:4  | HP: 2/126 [naga warrior/+0 war axe (2)]
 37565 | Snake:4  | Mangled by a salamander

Illustrated notes

Levels and vault maps discovered:
D:1:      dpeg_arrival_oval, layout_basic, grunt_decor_clamped,
          minmay_rat_gold_closets
D:2:      layout_basic
D:3:      layout_loops_ring, gup_sewer_entry_pipe, kennysheep_generic_room_10
D:4:      layout_basic
D:5:      layout_basic, trog_eyes_of_draining, nicolae_overflow_hidden_temple
D:6:      layout_rooms, minmay_temple_entry_tees,
          chequers_serial_rivers_micro_d, kennysheep_generic_room_2
D:7:      layout_loops_cross, grunt_gozag_breadcrumbs
D:8:      layout_basic
D:9:      layout_roguey, lemuel_doored_altar, kennysheep_little_box,
          minmay_shop_mayhem
D:10:     layout_grid_maze, lair_entry_dummy, orc_0_dummy, uniq_harold
D:11:     layout_loops_ring, basic_altar, gammafunk_ghost_arena
D:12:     layout_roguey, uniq_urug, uniq_erolcha
D:13:     minmay_the_grid_four_pointed_star [minmay_the_grid_triangle_9x9_empty,
          minmay_the_grid_triangle_9x9_negative_grid,
          minmay_the_grid_triangle_9x9_empty,
          minmay_the_grid_triangle_9x9_dagger, minmay_the_grid_prize_trominoes],
          layout_irregular_city, serial_co_window_serial, co_window_cross_1,
          co_window_paths_a, co_window_paths_a, co_window_paths_a,
          co_window_paths_b, co_window_paths_a, co_window_paths_a,
          co_window_corner_b, co_window_broadway_c, co_window_2corner,
          co_window_2corner, co_window_of_opportunity_c, glass_columns_a,
          glass_columns_b, glass_columns_a, glass_columns_b
D:14:     lemuel_traditional_vault, layout_basic, grunt_vaults_entry_fortified,
          eino_curves_03, drop_trap, tgw_sif
D:15:     grunt_enter_depths_hoard, layout_loops_ring, okawaru_ov_weapons_minmay
Temple:   nicolae_temple_elliptical
Lair:1:   layout_regular_city, serial_bayou_shore_a
Lair:2:   beast_lair_carwin_large_2, layout_concentric_octagons
Lair:3:   regret_index_bee_streams, layout_cellular_growth,
          minmay_swamp_entry_worms, basic_altar, infiniplex_staircase_pool,
          serial_bayou_shore_b
Lair:4:   layout_layer_cave, minmay_snake_entry_guardpost_small,
          minmay_lair_oklob_chamber
Lair:5:   layout_roguey, special_room [special_room_bee], grunt_megastairs_4
Lair:6:   minmay_lair_end_enchanted_forest, layout_regular_city, slime_altar_1,
          nicolae_quartered_pool_super
Snake:1:  layout_misc_corridors, serial_shops, shop
Snake:2:  layout_cave_pods
Snake:3:  layout_gridlike, serial_shops, shop_statue
Snake:4:  grunt_snake_rune_serpentine_throne, layout_cave_town
Orc:1:    layout_caves, enter_bailey_3, nicolae_orc_rockfall,
          nicolae_orc_sculptors_studio, uniq_fannar
Orc:2:    st_orc_pillars, layout_caves

Skill      XL: |  1  2  3  4  5  6  7  8  9 10 11 12 13 14 15 16 17 |
---------------+----------------------------------------------------+-----
Slings         | 6 7 8 9 10 11 12 | 12.0
Fighting       | 2 3 4 5 6 8 9 10 11 12 13 14 | 14.4
Dodging        | 3 4 5 6 8 9 11 12 13 14 15 | 15.9
Shields        | 1 3 4 5 |  5.6
Invocations    | 3 5 7 9 10 12 13 14 15 | 15.0
Armour         | 2 5 7 9 10 12 13 14 | 14.8
Stealth        | |  1.1

Action                   |  1- 3 |  4- 6 |  7- 9 | 10-12 | 13-15 | 16-18 || total
-------------------------+-------+-------+-------+-------+-------+-------++-------
Melee: Short sword       |     5 |       |       |       |       |       ||     5
       Dagger            |       |       |    48 |    20 |   338 |       ||   406
       Hunting sling     |       |       |       |       |     2 |       ||     2
       Falchion          |       |       |       |       |   235 |   573 ||   808
 Fire: Hunting sling     |    58 |   213 |   634 |  1237 |  2277 |   849 ||  5268
Invok: Heroism           |       |       |       |       |     2 |     5 ||     7
       Finesse           |       |       |       |       |     2 |     5 ||     7
  Use: Scroll            |       |     2 |    10 |    14 |    16 |     2 ||    44
       Potion            |       |       |       |     5 |     3 |     9 ||    17
 Stab: Sleeping          |       |       |       |       |     3 |     4 ||     7
Armor: Leather armour    |     4 |    11 |    11 |    19 |   152 |   156 ||   353
       Ring mail         |       |       |    18 |    52 |       |       ||    70
Dodge: Dodged            |    22 |    50 |   131 |   353 |  1212 |  1086 ||  2854
Block: Buckler           |       |       |    89 |   310 |   965 |   776 ||  2140
       Reflection        |       |       |     1 |    23 |    34 |    25 ||    83
       Rpst.: Falchion   |       |       |       |       |    98 |   188 ||   286

Table legend: (Time is in decaauts)
 A = Elapsed time spent in this place.
 B = Non-inter-level travel time spent in this place.
 C = Inter-level travel time spent in this place.
 D = Time resting spent in this place.
 E = Time spent auto-exploring this place.
 F = Levels seen in this place.
 G = Mean time per level.
                   A        B        C        D        E       F      G
               +--------+--------+--------+--------+--------+-----+--------+
         Total |  35809 |  34408 |   1401 |   2105 |  23735 |  30 | 1193.6 |
       Dungeon |  19556 |  18738 |    818 |   1166 |  13446 |  15 | 1303.7 |
        Temple |    159 |    159 |      0 |      0 |    119 |   1 |  159.0 |
          Lair |   7887 |   7524 |    363 |    341 |   5204 |   6 | 1314.5 |
     Snake Pit |   2962 |   2911 |     51 |      0 |   2264 |   4 |  740.5 |
  Orcish Mines |   3488 |   3321 |    167 |    598 |   1555 |   2 | 1744.0 |
         Sewer |   1109 |   1109 |      0 |      0 |    864 |   1 | 1109.0 |
        Bailey |    644 |    644 |      0 |      0 |    282 |   1 |  644.0 |
               +--------+--------+--------+--------+--------+-----+--------+

Top non-repeatable levels by time:
    D:14: 2883 daAuts
    D:12: 2250 daAuts
   Orc:2: 1965 daAuts
    D:13: 1963 daAuts
  Lair:3: 1864 daAuts
    D:10: 1701 daAuts
   Orc:1: 1522 daAuts
  Lair:4: 1487 daAuts
  Lair:6: 1448 daAuts
    D:11: 1304 daAuts
    D:15: 1268 daAuts
     D:7: 1264 daAuts
     D:8: 1212 daAuts
     D:6: 1180 daAuts
  Lair:2: 1168 daAuts
